 Dungeon Crawl Stone Soup version 0.29.1-1-gd02db6906a (webtiles) character file.

Game seed: 15662476713822157371

33 sentinel the Digger (level 3, 0/26 HPs)
             Began as a Meteoran Earth Elementalist on Sept 27, 2022.
             Was an Initiate of Ru.
             Succumbed to an adder's poison
             ... on level 4 of the Dungeon.
             The game lasted 00:02:05 (333 turns).

sentinel the Digger (Meteoran Earth Elementalist)    Turns: 333, Time: 00:02:06

Health: 0/26       AC:  3    Str:  9    XL:     3   Next: 70%
Magic:  3/9        EV: 12    Int: 18    God:    Ru [......]
Gold:   0          SH:  0    Dex: 15    Spells: 2/9 levels left

rFire   . . .      SeeInvis .   (no weapon)
rCold   . . .      Faith    .   (no shield)
rNeg    . . .      Spirit   .   a - +0 robe
rPois   .          Reflect  .   (no helmet)
rElec   .          Harm     .   j - +0 cloak
rCorr   .          Rampage  .   (no gloves)
Will    .....                   (no boots)
Stlth   +.........              (no amulet)
HPRegen 0.08/turn               (no ring)
MPRegen 0.11/turn               (no ring)

@: lethally poisoned (0 -> -8), attractive, very slightly contaminated, glowing
A: sense surroundings 1, otherworldly, glowing, explore regen
a: Renounce Religion, Sacrifice Artifice, Sacrifice a Hand, Sacrifice an Eye,
Reject Sacrifices


You were on level 4 of the Dungeon.
You worshipped Ru.
Ru was noncommittal.
You visited 1 branch of the dungeon, and saw 4 of its levels.

Inventory:

Armour
 a - a +0 robe (worn)
 j - a +0 cloak (worn)
Scrolls
 d - a scroll of identify {unknown}
 g - a scroll of enchant armour {unknown}
 h - a scroll of torment {unknown}
 i - a scroll of fear {unknown}
 l - a scroll of brand weapon {unknown}
 m - a scroll of noise {unknown}
Potions
 b - a potion of magic
 c - a potion of curing {unknown}
 e - a potion of attraction
 f - a potion of lignification {unknown}
 k - a potion of flight {unknown}


   Skills:
 - Level 2.4 Dodging
 - Level 1.4 Stealth
 * Level 3.6 Spellcasting
 * Level 0.9 Conjurations
 - Level 1.2 Transmutations
 + Level 4.4 Earth Magic


You had 2 spell levels left.
You knew the following spells:

 Your Spells              Type           Power      Damage    Failure   Level
a - Sandblast             Erth           38%        2d10      2%          1
b - Stone Arrow           Conj/Erth      24%        3d8       16%         3
c - Passwall              Tmut/Erth      10%        N/A       8%          2
g - Apportation           Tloc           6%         N/A       16%         1

Your spell library contained the following spells:

 Spells                   Type           Power      Damage    Failure   Level
 Petrify                  Tmut/Erth      13%        N/A       43%         4
 Alistair's Intoxication  Tmut/Pois      3%         N/A       97%         5


Dungeon Overview and Level Annotations

Branches:
Dungeon (4/15) Zot: 2055
 Temple: D:4-7

Altars:
Elyvilon
Ru
Xom

Shops:
D:2 [


Innate Abilities, Weirdness & Mutations

You passively map a small area around you.
You are easily found by Zot.
You glow in the dark.
You regain HP and MP as you explore.


Message History

Aiming: Passwall (safe; 8% risk of failure)
Press: ? - help, Dir - move target A rock wall.
You begin to meditate on the wall.
You continue meditating on the rock. x2
You finish merging with the rock.
Casting: Passwall (safe; 8% risk of failure)
Confirm with . or Enter, or press ? or * to list all spells.
Aiming: Passwall (safe; 8% risk of failure)
Press: ? - help, Dir - move target You can't see that place.
You begin to meditate on the wall.
You continue meditating on the rock. x2
You finish merging with the rock.
Found a sling.
A goblin comes into view. It is wielding a +0 club.
Found a stone staircase leading up.
The goblin shouts!
The blast of sand hits the goblin!
You kill the goblin!
You can't see any susceptible monsters within range! (Use Z to cast anyway.)
Things that are here:
a +0 club; a goblin corpse You open the door.
Found a sling.
There is a stone staircase leading up here.
You climb upwards.
There is a stone staircase leading down here.
You climb downwards.
There is a stone staircase leading up here.
Casting: Sandblast (safe; 2% risk of failure)
Confirm with . or Enter, or press ? or * to list all spells.
Aiming: Passwall (safe; 8% risk of failure)
Press: ? - help, Dir - move target A rock wall.
You begin to meditate on the wall.
You continue meditating on the rock. x2
You finish merging with the rock.
Casting: Passwall (safe; 8% risk of failure)
Confirm with . or Enter, or press ? or * to list all spells.
Aiming: Passwall (safe; 8% risk of failure)
Press: ? - help, Dir - move target A rock wall.
You begin to meditate on the wall.
You continue meditating on the rock. x2
You finish merging with the rock.
Found 17 gold pieces.
Found a stone staircase leading down.
A frilled lizard comes into view.
The frilled lizard hisses angrily.
Found a cloak.
The blast of sand misses the frilled lizard.
The frilled lizard bites you but does no damage.
The blast of sand hits the frilled lizard!
You kill the frilled lizard!
You can't see any susceptible monsters within range! (Use Z to cast anyway.)
A rat comes into view.
You see here a frilled lizard corpse.
The rat attacks as you move away! The rat bites you but does no damage.
The blast of sand hits the rat!
You kill the rat!
You can't see any susceptible monsters within range! (Use Z to cast anyway.)
You see here a +0 cloak.
You start putting on your armour.
You continue putting on your +0 cloak. x4
You finish putting on your +0 cloak.
There is a stone staircase leading down here.
You open the door.
Found an orange potion.
There is an open door here.
A giant cockroach comes into view.
k - an orange potion The blast of sand hits the giant cockroach.
You kill the giant cockroach!
You can't see any susceptible monsters within range! (Use Z to cast anyway.)
There is an open door here.
There is a stone staircase leading down here.
Magic restored.
You climb downwards.
The adder hisses angrily.
Found a scroll labelled KAAMOQ LIUT.
Found a stone staircase leading up.
There is a stone staircase leading up here.
Okay, then.
Okay, then.
You can't see any susceptible monsters within range! (Use Z to cast anyway.)
The blast of sand hits the adder.
The adder is heavily wounded.
The blast of sand hits the adder!
You kill the adder!
The blast of sand hits the endoplasm!
You kill the endoplasm!
There is a stone staircase leading up here.
You open the door.
You climb upwards.
Magic restored.
There is a stone staircase leading down here.
You climb downwards.
There is a stone staircase leading up here.
You open the door.
Found a shimmering altar of Xom and a white marble altar of Elyvilon.
Found a flail.
There is an open door here.
Found a scroll labelled LUIQOEMADE.
l - a scroll labelled KAAMOQ LIUT
m - a scroll labelled LUIQOEMADE
Casting: Sandblast (safe; 2% risk of failure)
Confirm with . or Enter, or press ? or * to list all spells.
Aiming: Passwall (safe; 8% risk of failure)
Press: ? - help, Dir - move target A rock wall.
You miscast Passwall.
You are very lightly contaminated with residual magic.
Nothing appears to happen.
Casting: Passwall (safe; 8% risk of failure)
Confirm with . or Enter, or press ? or * to list all spells.
Aiming: Passwall (safe; 8% risk of failure)
Press: ? - help, Dir - move target A rock wall.
You miscast Passwall.
Nothing appears to happen.
Casting: Passwall (safe; 8% risk of failure)
Confirm with . or Enter, or press ? or * to list all spells.
Aiming: Passwall (safe; 8% risk of failure)
Press: ? - help, Dir - move target A rock wall.
You begin to meditate on the wall.
You continue meditating on the rock. x2
You finish merging with the rock.
The adder hisses angrily.
The blast of sand misses the adder.
The adder hisses angrily.
You hear a shout! x2
The adder misses you. The adder bites you.
A kobold comes into view. It is wielding a +0 dagger.
An ogre comes into view. It is wielding a +0 giant club.
You aren't carrying any items that you can evoke.
Unknown command.
Casting: Sandblast (safe; 2% risk of failure)
Confirm with . or Enter, or press ? or * to list all spells.
Aiming: Passwall (safe; 8% risk of failure)
Press: ? - help, Dir - move target, p - adder A rock wall.
The adder misses you. The adder barely misses you.
You begin to meditate on the wall.
You continue meditating on the rock.
The adder bites you.
You are poisoned.
The adder poisons you!
The ogre hits you with a +0 giant club!!
Ouch! That really hurt!
* * * LOW HITPOINT WARNING * * *
You continue meditating on the rock.
* * * LOW HITPOINT WARNING * * *
You feel sick. The adder bites you.
* * * LOW HITPOINT WARNING * * *
You are more poisoned.
The adder poisons you! The ogre closely misses you.
You finish merging with the rock.
It was a potion of attraction.
You feel attractive to monsters.
You die...

, , #......<'...#.....#
.####.......#####....#
................'...⌠#*
* ######<..#######....#
,
#........#.....#.....#
,
................##.⌠._#
* .......#..#.....#
....# #..#...#..#.....#
#..## ,##
#...#..#@....# ### ,
#..^#.S#.....#
##.##..#.....# , ,
#SO####### , , * #...,
, ,,K..#. , , ....#.# ,
,...... . , , ,
*###.... .. *


There were no monsters in sight!

Vanquished Creatures
  2 adders
  An endoplasm (D:4)
  3 giant cockroaches
  3 quokkas
  A bat (D:2)
  2 frilled lizards (D:3)
  3 goblins (D:3)
  A rat (D:3)
16 creatures vanquished.

Notes
Turn   | Place    | Note
-------+----------+-------------------------------------------
     0 | D:1      | sentinel the Meteoran Earth Elementalist began the quest
                  | for the Orb.
     0 | D:1      | Reached XP level 1. HP: 14/14 MP: 5/5
     6 | D:1      | Found a faded altar of an unknown god.
    16 | D:1      | Prayed at the altar of an unknown god.
    16 | D:1      | Became a worshipper of Ru the Awakened
    64 | D:2      | Found Cochups's Armour Shoppe.
   119 | D:3      | Reached skill level 4 in Earth Magic
   119 | D:3      | Reached XP level 2. HP: 20/20 MP: 3/6
   127 | D:3      | Learned a level 2 spell: Passwall
   129 | D:3      | Learned a level 1 spell: Apportation
   191 | D:3      | Reached XP level 3. HP: 26/26 MP: 6/8
   195 | D:3      | Learned a level 3 spell: Stone Arrow
   302 | D:4      | Found a shimmering altar of Xom.
   302 | D:4      | Found a white marble altar of Elyvilon.
   329 | D:4      | Noticed an ogre
   333 | D:4      | Succumbed to an adder's poison

Illustrated notes

Levels and vault maps discovered:
D:1:      dpeg_arrival_pond, layout_basic, basic_ecumenical_altar
D:2:      layout_basic, serial_shops, nicolae_lakefront_shop, shop, shop,
          nicolae_shop_statue_plus
D:3:      layout_basic
D:4:      layout_basic, gammafunk_temple_overflow_pools,
          gammafunk_ghost_stat_death

Skill      XL: |  1  2 |
---------------+-------+-----
Earth Magic    | 4 |  4.4
Spellcasting   | 3 |  3.6
Dodging        | |  2.4
Stealth        | |  1.4
Conjurations   | |  0.9
Transmutations | |  1.2

Action                   || total
-------------------------++-------
Melee: Unarmed           ||     2
 Cast: Sandblast         ||    23
       Passwall          ||     7
  Use: Potion            ||     1
Armor: Robe              ||     4
Dodge: Dodged            ||     9
